 Dungeon Crawl Stone Soup version 0.17.0-9-g801d43b (webtiles) character file.

218 HungrySpirit the Ruffian (level 5, 0/40 HPs)
             Began as a Draconian Transmuter on Nov 9, 2015.
             Slain by an orc priest (6 damage)
             ... on level 3 of the Dungeon.
             The game lasted 00:05:07 (2613 turns).

HungrySpirit the Ruffian (Draconian Transmuter)     Turns: 2613, Time: 00:05:08

Health: 0/40       AC:  5    Str: 13    XL:     5   Next: 63%
Magic:  9/9        EV: 12    Int: 13    God:
Gold:   165        SH:  0    Dex: 12    Spells: 2 memorised, 7 levels left

rFire  . . .     SeeInvis .       - Unarmed
rCold  . . .     Clarity  +     (armour unavailable)
rNeg   . . .     SustAt   .     (no shield)
rPois  .         Gourm    .     (helmet restricted)
rElec  .         Spirit   .     (no cloak)
rCorr  .         Warding  .     (no gloves)
rMut   .         Rnd*Tele +     (boots currently unavailable)
MR     .....                    j - amulet of clarity
Stlth  +.........               m - +6 ring of slaying
                                e - ring of teleportation (curse)

@: appendage (expiring), not resistant to hostile enchantments, very unstealthy
A: unfitting armour, talons 3, cold-blooded, AC +5
a: End Transformation, Evoke Teleportation


You were on level 3 of the Dungeon.
You were not hungry.
You had grown temporary talons.
You visited 1 branch of the dungeon, and saw 3 of its levels.

You collected 165 gold pieces.

Inventory:

Missiles
 a - 67 arrows
 k - 12 arrows of flame
Armour
 o - a +0 buckler
Jewellery
 e - a cursed ring of teleportation (left hand)
 j - an amulet of clarity (around neck)
 m - a +6 ring of slaying (right hand)
 r - an uncursed ring of positive energy {unknown}
 s - an uncursed amulet of rage
Scrolls
 d - a scroll of amnesia
 h - a scroll of teleportation
 l - a scroll of identify
Potions
 g - 3 potions of invisibility
 p - a potion of curing
 q - a potion of brilliance
Books
 b - a book of Changes

   Spells                             Type                      Level
   a - Beastly Appendage              Transmutation                1
   b - Sticks to Snakes               Transmutation                2
   c - Spider Form                    Transmutation/Poison         3
   d - Ice Form                       Ice/Transmutation            4
   e - Blade Hands                    Transmutation                5
Comestibles
 c - 2 bread rations
 f - 2 chunks of flesh
 i - a slice of pizza
 n - a meat ration


   Skills:
 - Level 1.1 Fighting
 - Level 1.7 Dodging
 * Level 4.4 Unarmed Combat
 + Level 3.0 Spellcasting
 * Level 4.1 Transmutations


You had 7 spell levels left.
You knew the following spells:

 Your Spells              Type           Power        Failure   Level  Hunger
a - Beastly Appendage     Trmt           ##....       6%          1    #......
b - Sticks to Snakes      Trmt           ##........   10%         2    ##.....


Dungeon Overview and Level Annotations

Branches:
Dungeon (3/15)

Altars:
Cheibriados
Okawaru
Sif Muna

Annotations:
D:3 JudasIscariot's ghost, amateur TrBe


Innate Abilities, Weirdness & Mutations

Your plain brown scales are hard (AC +5).
Your body does not fit into most forms of armour.
You are cold-blooded and may be slowed by cold attacks.
You have claws for feet.


Message History

The orc priest hits you but does no damage.
You hit the orc priest.
The orc priest is heavily wounded.
The orc priest hits you.
You hit the orc priest but do no damage.
The orc priest is heavily wounded.
Your transformation is almost over.
The orc priest looks braver for a moment.
You closely miss the orc priest.
The orc priest is heavily wounded.
The orc priest mumbles some strange prayers to Beogh against you.
Something smites you!
* * * LOW HITPOINT WARNING * * *
You barely miss the orc priest. You claw the orc priest.
The orc priest is heavily wounded.
You hit the orc priest.
You tail-slap the orc priest, but do no damage.
The orc priest is almost dead.
The orc priest hits you.
You die...

#####.<.......##..###
##.......###....#
##########.....## ####.#
.........##....## #.##
########.#####..# #..#
.......#.[.####.#######.#
.....o.###.##...........#
......o.o.....#..########
........##.#####@...#
.......###...###.o..#
.......# ###o.......#
.......# ######...#
######## #####


You could see an orc priest.

Vanquished Creatures
  Ijyb (D:2)
  2 orc priests (D:3)
  A worker ant (D:3)
  5 adders
  A worm (D:2)
  8 orcs
  3 goblins (D:1)
  6 hobgoblins
  2 jackals (D:2)
  A quokka (D:3)
  A ball python (D:2)
  9 bats
  2 giant cockroaches (D:1)
  A giant gecko (D:2)
  4 giant newts
  14 kobolds
  5 rats
66 creatures vanquished.

Notes
Turn   | Place    | Note
--------------------------------------------------------------
     0 | D:1      | HungrySpirit the Draconian Transmuter began the quest for the Orb.
     0 | D:1      | Reached XP level 1. HP: 16/16 MP: 3/3
   219 | D:1      | Reached XP level 2. HP: 12/23 MP: 3/5
   919 | D:2      | Noticed Ijyb
   931 | D:1      | Learned a level 2 spell: Sticks to Snakes
   953 | D:2      | Killed Ijyb
   953 | D:2      | Reached XP level 3. HP: 15/28 MP: 4/6
   976 | D:2      | Found a deep blue altar of Sif Muna.
  1243 | D:2      | Found an iron altar of Okawaru.
  1558 | D:2      | Reached XP level 4. HP: 32/35 MP: 5/7
  1952 | D:3      | Noticed JudasIscariot's ghost (amateur TrBe)
  2005 | D:3      | Reached skill level 4 in Unarmed Combat
  2187 | D:3      | Found a snail-covered altar of Cheibriados.
  2283 | D:2      | Reached XP level 5. HP: 25/40 MP: 9/9
  2613 | D:3      | Slain by an orc priest

Action                   |  1- 3 |  4- 6 || total
-------------------------+-------+-------++-------
Melee: Unarmed           |   142 |    83 ||   225
 Cast: Beastly Appendage |    18 |     8 ||    26
       Sticks to Snakes  |       |     2 ||     2
  Use: Scroll            |       |     7 ||     7
 Stab: Sleeping          |     1 |       ||     1
  Eat: Chunk             |     2 |     4 ||     6
